 Dungeon Crawl Stone Soup version 0.28-a0-899-gf2b78a14d2 (webtiles) character file.

Game seed: 1712314155624951284

88785 AvatarAndi78 the Fencer (level 15, 0/208 HPs)
             Began as a Minotaur Berserker on Nov 23, 2021.
             Was a High Priest of Trog.
             Succumbed to barbed spike wounds
             ... on level 2 of the Orcish Mines.
             The game lasted 00:51:15 (15340 turns).

AvatarAndi78 the Fencer (Minotaur Berserker)       Turns: 15340, Time: 00:51:16

Health: 0/208      AC: 17    Str: 26      XL:     15   Next: 47%
Magic:  5/5        EV: 15    Int:  7 (8)  God:    Trog [*****.]
Gold:   1900       SH:  0    Dex: 12      Spells: 14/14 levels left

rFire   + . .      SeeInvis .   R - +4 great sword (antimagic)
rCold   . . .      Faith    .   (shield currently unavailable)
rNeg    . . .      Spirit   .   C - +5 ring mail of the Shore {rPois Int+4}
rPois   +          Reflect  .   (helmet restricted)
rElec   .          Harm     .   B - +0 cloak
rCorr   .          Rampage  .   m - +2 pair of gloves
Will    +++..                   (no boots)
Stlth   ..........              t - amulet of regeneration
HPRegen 3.44/turn               e - ring of protection from fire
MPRegen 0.09/turn               r - +4 ring of slaying

@: berserking (expiring), strong-willed (expiring), spiked, regenerating
(expiring), very quick
A: horns 2, retaliatory headbutt, mutation resistance 1, regeneration 1
a: Renounce Religion, Berserk, Trog's Hand, Brothers in Arms


You were on level 2 of the Orcish Mines.
You worshipped Trog.
Trog was extremely pleased with you.
You visited 3 branches of the dungeon, and saw 19 of its levels.
You also visited: Sewer.

You collected 1900 gold pieces.

Inventory:

Hand Weapons
 u - a +4 long sword of electrocution
 z - the +5 dagger "Daeti Cilu" {drain, *Slow Will+ Int+2 SInv}
   (You found it on level 9 of the Dungeon)

   A truly terrible weapon, it drains the life of any living foe it strikes.
   Int:       It affects your intelligence (+2).
   SInv:      It lets you see invisible.
   *Slow:     It may slow you when you take damage.
   Will:      It increases your willpower.
 M - the +7 hunting sling of the Candle {flame, rPois Dex+2 Stlth-}
   (You found it on level 2 of the Lair of Beasts)

   Any ammunition fired from it burns those it strikes, dealing additional fire
   damage.
   Dex:       It affects your dexterity (+2).
   rPois:     It protects you from poison.
   Stlth:     It makes you less stealthy.
 R - a +4 antimagic great sword (weapon)
Missiles
 v - 70 stones (quivered)
Armour
 m - a +2 pair of gloves (worn)
 A - +0 fire dragon scales
 B - a +0 cloak (worn)
 C - the +5 ring mail of the Shore (worn) {rPois Int+4}
   (You found it on level 7 of the Dungeon)

   Int:       It affects your intelligence (+4).
   rPois:     It protects you from poison.
 E - a +0 buckler
 G - a +3 scale mail of poison resistance
Jewellery
 b - a ring of protection from cold
 e - a ring of protection from fire (left hand)
 o - a ring of resist corrosion
 r - a +4 ring of slaying (right hand)
 t - an amulet of regeneration (around neck)
 J - a ring of resist corrosion
 K - a ring of ice
Wands
 j - a wand of charming (7)
 w - a wand of digging (10)
 y - a wand of iceblast (21)
 D - a wand of flame (8)
 I - a wand of acid (18)
 N - a wand of paralysis (10)
 O - a wand of polymorph (18)
Scrolls
 a - 6 scrolls of teleportation
 c - a scroll of holy word
 g - 4 scrolls of fear
 h - 2 scrolls of enchant armour
 k - a scroll of enchant weapon
 l - 3 scrolls of blinking
 n - 10 scrolls of identify
 s - 5 scrolls of magic mapping
 L - 2 scrolls of fog
 Q - 3 scrolls of brand weapon
 S - 2 scrolls of summoning
Potions
 d - 5 potions of might
 f - 8 potions of curing
 i - 3 potions of heal wounds
 p - a potion of invisibility
 q - a potion of flight
 x - a potion of ambrosia
 F - a potion of cancellation
Miscellaneous
 P - a piece from Xom's chessboard (15/15)


   Skills:
 + Level 14.4 Fighting
 + Level 17.5 Long Blades
 + Level 9.7(12.0) Axes
 + Level 8.7(10.7) Maces & Flails
 + Level 7.1(9.4) Polearms
 + Level 0.1 Throwing
 + Level 12.0 Armour
 + Level 10.8 Dodging
 + Level 4.5 Stealth
 + Level 7.2 Shields
 + Level 1.8 Invocations
 + Level 2.0 Evocations


You had 14 spell levels left.
You didn't know any spells.
Your spell library was empty.

Dungeon Overview and Level Annotations

Branches:
Dungeon (11/15)            Temple (0/1) D:7            Lair (6/6) D:9
 Shoals (0/4) Lair:4       Spider (0/4) Lair:2        Slime (0/5) Lair:6
    Orc (2/2) D:9             Elf (0/3) Orc:2         Sewer (visited)

Altars:
Ashenzari
Dithmenos
Elyvilon
Fedhas
Hepliaklqana
Kikubaaqudgha
Makhleb
Ru
Sif Muna
Trog
Uskayaw
Vehumet
Wu Jian
Zin
The Shining One
Jiyva

Shops:
D:8 (   D:9 (   Orc:2 :*

Portals:
Trove: D:11 (give +3 storm dragon scales)

Annotations:
D:8 1 runed translucent door
Lair:2 2 transporters


Innate Abilities, Weirdness & Mutations

You have a pair of horns on your head.
You reflexively headbutt those who attack you in melee.
You are somewhat resistant to further mutation.
Your natural rate of healing is unusually fast.


Message History

Your ogre completely misses the orc warlord.
You feel your intelligence returning.
The barbed spikes dig painfully into your body as you move.
* * * LOW HITPOINT WARNING * * *
The orc warrior closely misses you. You furiously retaliate!
You headbutt the orc warrior!!
The orc warlord hits your ogre with a +1 long sword!!
Your ogre dies!
Your ogre's corpse disappears in a puff of smoke!
Items here: $ )) [ †.
You barely miss the orc warrior. Your headbutt misses the orc warrior.
The orc warrior is severely wounded.
You closely miss the orc warrior. Your headbutt misses the orc warrior.
The orc warrior is severely wounded.
You feel the effects of Trog's Hand fading.
The orc warrior misses you.
You barely miss the orc warrior.
The orc warrior is severely wounded.
You slice the orc warrior!!
You kill the orc warrior!
Trog accepts your kill.
The orc warlord hits you with a +1 long sword!!
* * * LOW HITPOINT WARNING * * *
You chop the orc warlord into pieces!!!
The orc warlord is moderately wounded.
You barely miss the orc warlord. You headbutt the orc warlord!
The orc warlord is moderately wounded.
The orc warlord hits you with a +1 long sword!
* * * LOW HITPOINT WARNING * * *
You carve the orc warlord like a ham!!!
The orc warlord is severely wounded.
You slash the orc warlord! You headbutt the orc warlord!
The orc warlord is almost dead.
The orc warlord hits you with a +1 long sword.
* * * LOW HITPOINT WARNING * * *
You slice the orc warlord!!
You kill the orc warlord!
Trog accepts your kill.
The barbed spikes dig painfully into your body as you move.
You die...

..#...<....... .....
..#.#......T....
.#.#.
..........$...##
##.. ...........$.##
#.. ...P......#.##
#...
....P.....########
##.
.........)))##.#.##
....∩.))..))......##
.......))@)).......#
...8.....P.....##.##
.....P...#.#.##.###
..........##.....#
.................##
.##.....#.....#...#
.......###....#.##
.......# ###.##.##
###...#### #


There were no monsters in sight!

Vanquished Creatures
  An orc warlord (Orc:2)
  The ghost of Lybbagupt the Covert, a journeyman SpEn of Gozag (Lair:6)
  A fire dragon (Lair:6)
  Fannar (D:11)
  A boulder beetle (Lair:6)
  5 hydras
  3 catoblepae (Lair:6)
  3 two-headed ogres
  6 death yaks
  5 orc high priests (Orc:2)
  A swamp dragon (Lair:6)
  A lindwurm (Lair:6)
  Pikel (D:7)
  4 orc knights
  A cyclops (D:11)
  3 manticores
  4 orc sorcerers
  The ghost of Htamos the Covert, a novice SpEn of Dithmenos (D:7)
  3 moths of wrath
  6 black mambas
  9 elephants (Lair:6)
  2 torpor snails
  8 cane toads
  11 rime drakes
  9 komodo dragons
  A jumping spider (Lair:2)
  5 trolls
  3 polar bears
  A wind drake (Lair:4)
  5 dream sheep (Lair:6)
  28 blink frogs
  2 shadows
  A redback (Lair:2)
  12 basilisks
  3 wyverns
  54 yaks
  A steam dragon (Lair:6)
  3 wargs (Orc:2)
  An acid dragon (Lair:6)
  16 water moccasins
  18 orc warriors
  A sky beast (D:6)
  3 swamp drakes (Lair:6)
  3 black bears
  2 necrophages
  7 ogres
  3 centaurs
  2 phantoms
  3 kobold brigands
  3 scorpions
  10 bullfrogs
  A wyvern zombie (D:9)
  3 gnoll sergeants
  A wyvern skeleton (D:7)
  5 killer bees (D:9)
  A water moccasin skeleton (D:5)
  5 wights (D:8)
  2 electric eels
  A crimson imp (D:3)
  A howler monkey (D:8)
  5 centaur zombies
  5 jellies
  6 orc priests
  A hound (D:6)
  A centaur skeleton (D:6)
  8 iguanas
  15 orc wizards
  5 hell rats
  A hound skeleton (D:5)
  A howler monkey zombie (D:10)
  13 gnolls
  7 adders
  5 river rats (Lair:5)
  A shadow imp (D:8)
  3 white imps
  A dart slug (D:5)
  34 orcs
  7 endoplasms
  18 giant cockroaches
  5 goblins
  7 hobgoblins
  10 jackals
  26 kobolds
  6 quokkas
  4 ball pythons
  5 bats
  8 frilled lizards
  4 goblin skeletons (D:3)
  3 goblin zombies (D:3)
  A hobgoblin zombie (D:3)
  2 kobold zombies (D:3)
  An orc zombie (D:3)
  15 rats
536 creatures vanquished.

Vanquished Creatures (collateral kills)
  Josephine (D:11)
  2 hydras (Lair:6)
  A two-headed ogre (D:11)
  An orc high priest (Orc:2)
  Urug (D:11)
  An ugly thing (D:11)
  2 centaur zombies (D:11)
  3 rime drakes (Lair:6)
  A komodo dragon (D:11)
  A troll (D:11)
  2 blink frogs (Lair:6)
  4 wyverns (Lair:6)
  3 wraiths (D:11)
  3 basilisks (Lair:6)
  A yak (Lair:6)
  3 hell hounds (Lair:6)
  2 orc warriors (Orc:2)
  8 hell rats (Lair:6)
40 creatures vanquished.

Vanquished Creatures (others)
  A basilisk (Lair:6)
  2 iguanas (Lair:6)
  36 fungi
  59 plants
98 creatures vanquished.

Grand Total: 674 creatures vanquished

Notes
Turn   | Place    | Note
-------+----------+-------------------------------------------
     0 | D:1      | AvatarAndi78 the Minotaur Berserker began the quest for the
                  | Orb.
     0 | D:1      | Reached XP level 1. HP: 19/19 MP: 0/0
   289 | D:1      | Reached XP level 2. HP: 23/27 MP: 1/1
  1108 | D:2      | Reached XP level 3. HP: 33/33 MP: 2/2
  1187 | D:2      | Reached ** piety under Trog
  1448 | D:2      | Found a faded altar of an unknown god.
  1671 | D:3      | Reached XP level 4. HP: 39/41 MP: 3/3
  1896 | D:3      | Found a glowing golden altar of the Shining One.
  1908 | D:3      | Reached skill level 5 in Axes
  2034 | D:3      | Found an ornate altar of the Wu Jian Council.
  2035 | D:3      | Found a glowing silver altar of Zin.
  2262 | D:3      | Reached XP level 5. HP: 47/47 MP: 4/4
  2528 | D:4      | Noticed a phantom
  2543 | D:4      | Killed a phantom
  2544 | D:4      | Reached skill level 1 in Long Blades
  2544 | D:4      | Reached XP level 6. HP: 51/55 MP: 5/5
  2635 | D:4      | Found a shadowy altar of Dithmenos.
  2795 | D:4      | Reached skill level 5 in Fighting
  2797 | D:4      | Reached skill level 2 in Long Blades
  3110 | D:5      | Entered Level 5 of the Dungeon
  3199 | D:5      | Reached *** piety under Trog
  3200 | D:5      | Reached skill level 3 in Long Blades
  3200 | D:5      | Reached XP level 7. HP: 59/61 MP: 6/6
  3360 | D:5      | Reached skill level 5 in Armour
  3436 | D:5      | Reached skill level 4 in Long Blades
  3588 | D:5      | Found a hazy altar of Hepliaklqana.
  3621 | D:5      | Found a blossoming altar of Fedhas.
  3690 | D:6      | Found a white marble altar of Elyvilon.
  3713 | D:6      | Found a sacrificial altar of Ru.
  3717 | D:6      | Reached skill level 5 in Long Blades
  3747 | D:6      | Found a glowing drain.
  3766 | Sewer    | Entered a sewer
  4411 | D:6      | Reached XP level 8. HP: 60/69 MP: 7/7
  4481 | D:6      | Reached skill level 6 in Long Blades
  4609 | D:6      | Found a burning altar of Makhleb.
  5058 | D:7      | Noticed Pikel
  5073 | D:7      | Killed Pikel
  5074 | D:7      | Reached skill level 8 in Long Blades
  5074 | D:7      | Reached skill level 1 in Stealth
  5074 | D:7      | Reached XP level 9. HP: 75/75 MP: 8/8
  5166 | D:7      | Found a broken altar of Ashenzari.
  5190 | D:7      | Noticed a troll
  5196 | D:7      | Found a transporter.
  5199 | D:7      | Found a transporter.
  5202 | D:7      | Noticed a moth of wrath
  5260 | D:7      | Found a staircase to the Ecumenical Temple.
  5701 | D:7      | Noticed Htamos's ghost (novice SpEn)
  5712 | D:7      | Identified the +5 ring mail of the Shore {rPois Int+4}
  6007 | D:8      | Reached skill level 9 in Long Blades
  6037 | D:8      | Reached **** piety under Trog
  6062 | D:8      | Reached skill level 10 in Long Blades
  6207 | D:8      | Found Totwuil's Antique Weapon Emporium.
  6395 | D:8      | Noticed a two-headed ogre
  6399 | D:8      | Killed a two-headed ogre
  6400 | D:8      | Reached skill level 11 in Long Blades
  6400 | D:8      | Reached XP level 10. HP: 84/84 MP: 9/9
  6432 | D:8      | Noticed a centaur warrior
  6432 | D:8      | Noticed a tengu warrior
  6433 | D:8      | Found a runed translucent door.
  6433 | D:8      | Noticed a cyclops
  6435 | D:8      | Noticed a wizard
  6435 | D:8      | Noticed an orc knight
  6435 | D:8      | Noticed a manticore
  6868 | D:9      | Noticed a two-headed ogre
  6875 | D:9      | Killed a two-headed ogre
  6959 | D:9      | Noticed a +0 dagger
  6959 | D:9      | Noticed a +0 spear
  6959 | D:9      | Noticed a +0 short sword
  6961 | D:9      | Noticed a +0 falchion
  6961 | D:9      | Noticed a +0 spear
  6961 | D:9      | Noticed a +0 dagger
  6964 | D:9      | Noticed a +0 short sword
  6969 | D:9      | Noticed a +0 falchion
  7004 | D:9      | Found a hide-covered altar of Uskayaw.
  7011 | D:9      | Identified the +5 dagger "Daeti Cilu" {drain, *Slow Will+
                  | Int+2 SInv}
  7083 | D:9      | Found Soseuwaac's Weapon Shoppe.
  7083 | D:9      | Found a staircase to the Orcish Mines.
  7273 | D:9      | Reached skill level 5 in Dodging
  7318 | D:9      | Found a staircase to the Lair.
  7332 | D:9      | Reached skill level 5 in Polearms
  7534 | D:10     | Entered Level 10 of the Dungeon
  7576 | D:10     | Gained mutation: Your natural rate of healing is unusually
                  | fast. [potion of mutation]
  7576 | D:10     | Gained mutation: You are somewhat resistant to further
                  | mutation. [potion of mutation]
  7719 | D:10     | Found a shimmering blue altar of Sif Muna.
  7735 | D:10     | Found an ancient bone altar of Kikubaaqudgha.
  7756 | D:10     | Found a radiant altar of Vehumet.
  8259 | D:11     | Noticed a brown ugly thing
  8259 | D:11     | Noticed a two-headed ogre
  8265 | D:11     | Killed a brown ugly thing
  8265 | D:11     | Killed a two-headed ogre
  8266 | D:11     | Reached XP level 11. HP: 75/93 MP: 10/10
  8269 | D:11     | Reached skill level 1 in Shields
  8275 | D:11     | Reached skill level 5 in Maces & Flails
  8285 | D:11     | Noticed Urug
  8285 | D:11     | Noticed Josephine
  8290 | D:11     | Killed Josephine
  8294 | D:11     | Killed Urug
  8526 | D:11     | Found a portal to a secret trove of treasure.
  8529 | D:11     | Noticed Fannar
  8547 | D:11     | Killed Fannar
  8666 | D:11     | Noticed a two-headed ogre
  8674 | D:11     | Killed a two-headed ogre
  8789 | Lair:1   | Entered Level 1 of the Lair of Beasts
  8977 | Lair:1   | Reached skill level 12 in Long Blades
  9102 | Lair:1   | Reached ***** piety under Trog
  9166 | Lair:1   | Reached XP level 12. HP: 83/103 MP: 11/11
  9402 | Lair:2   | Found a transporter.
  9402 | Lair:2   | Noticed a boulder beetle
  9403 | Lair:2   | Found a transporter.
  9403 | Lair:2   | Noticed a boulder beetle
  9502 | Lair:2   | Found a hole to the Spider Nest.
  9526 | Lair:2   | Identified the +7 hunting sling of the Candle {flame, rPois
                  | Dex+2 Stlth-}
  9703 | Lair:2   | Noticed a five-headed hydra
  9711 | Lair:2   | Killed an eight-headed hydra
  9761 | Lair:2   | Noticed a four-headed hydra
  9769 | Lair:2   | Killed an eight-headed hydra
  9770 | Lair:2   | Reached skill level 13 in Long Blades
 10465 | D:7      | Found a bloodstained altar of Trog.
 10481 | D:7      | Killed Htamos's ghost
 10669 | Lair:3   | Reached skill level 10 in Fighting
 10687 | Lair:3   | Reached skill level 10 in Armour
 10687 | Lair:3   | Reached skill level 5 in Shields
 10687 | Lair:3   | Reached skill level 1 in Invocations
 10687 | Lair:3   | Reached skill level 1 in Evocations
 10687 | Lair:3   | Reached XP level 13. HP: 112/114 MP: 11/13
 10763 | Lair:3   | Reached skill level 14 in Long Blades
 11791 | Lair:4   | Found a staircase to the Shoals.
 11815 | Lair:4   | Reached XP level 14. HP: 78/124 MP: 14/14
 13217 | Lair:6   | Entered Level 6 of the Lair of Beasts
 13233 | Lair:6   | Received a gift from Trog
 13422 | Lair:6   | Reached skill level 15 in Long Blades
 13483 | Lair:6   | Found a staircase to the Slime Pits.
 13483 | Lair:6   | Found a viscous altar of Jiyva.
 13538 | Lair:6   | Reached skill level 10 in Dodging
 13844 | Lair:6   | Reached skill level 16 in Long Blades
 13852 | Lair:6   | Received a gift from Trog
 13980 | Lair:6   | Reached XP level 15. HP: 79/137 MP: 5/15
 14269 | Lair:6   | Found a transporter.
 14274 | Lair:6   | Noticed Lybbagupt's ghost (journeyman SpEn)
 14378 | Lair:6   | Found a transporter.
 14484 | Lair:6   | Killed Lybbagupt's ghost
 14498 | Lair:6   | Identified the +2 helmet of the Catamount {Rampage rElec
                  | Slay-2}
 14682 | Orc:1    | Entered Level 1 of the Orcish Mines
 14961 | Orc:2    | Entered Level 2 of the Orcish Mines
 14961 | Orc:2    | Found Lairor's Book Emporium.
 15034 | Orc:2    | Reached skill level 17 in Long Blades
 15062 | Orc:2    | Found a staircase to the Elven Halls.
 15066 | Orc:2    | Found Gyhecaur's General Store.
 15318 | Orc:2    | Noticed an orc warlord
 15336 | Orc:2    | HP: 5/208 [orc warlord (11)]
 15339 | Orc:2    | Killed an orc warlord
 15340 | Orc:2    | Succumbed to barbed spike wounds

Illustrated notes

Levels and vault maps discovered:
D:1:      minmay_arrival_doors, layout_basic
D:2:      minmay_roachtagon, layout_rooms, ebering_ecumenical_altar_rust
D:3:      layout_basic, gammafunk_temple_overflow_pools,
          nicolae_tso_besieged_by_evil
D:4:      layout_loops_ring, nicolae_dithmenos_through_a_glass_darkly
D:5:      layout_basic, mainiacjoe_overflow_chevrons, kennysheep_flooded_box
D:6:      layout_rooms, lemuel_tele_altar, mainiacjoe_overflow_small_starburst,
          overflow_temple_1_default, portal_sewer_entry_a,
          amcnicky_mini_pool_medium
D:7:      layout_loops_corners, mainiacjoe_overflow_paths,
          minmay_temple_entry_waves, gammafunk_ghost_wrathful_warriors,
          uniq_pikel
D:8:      minmay_gate_of_8, layout_basic, serial_shops, nicolae_take_the_stairs
D:9:      layout_rooms, nicolae_uskayaw_en_pointe, david_lair_generic,
          orc_david_3, kennysheep_generic_room_15
D:10:     layout_loops_ring, palyth_temple_overflow_mages, minmay_between
D:11:     layout_big_octagon, nicolae_trove_entry_isolated, uniq_urug,
          uniq_josephine, uniq_fannar
Lair:1:   layout_concentric_octagons, serial_bayou_lagoon_a
Lair:2:   gammafunk_boulding_lane, layout_loops_ring, spider_nest_entry_a,
          serial_bayou_shore_a
Lair:3:   layout_long_grid, chequers_serial_rivers_large_b
Lair:4:   layout_gridlike, minmay_shoals_entry_beasts
Lair:5:   layout_regular_city, kennysheep_abandoned_house
Lair:6:   hangedman_lair_in_review, layout_long_grid, guppyfry_lair_end_dragon,
          slime_altar_1, gammafunk_ghost_berserking_beasts, special_room
          [special_room_mythical_zoo]
Orc:1:    layout_caves
Orc:2:    grunt_orc_gardens, layout_caves, grunt_orc_garden, grunt_orc_garden,
          grunt_orc_garden, grunt_orc_garden, mines3_lemuel

Skill      XL: |  1  2  3  4  5  6  7  8  9 10 11 12 13 14 15 |
---------------+----------------------------------------------+-----
Fighting       | 4 5 6 7 8 10 11 13 14 | 14.4
Axes           | 4 5 6 7 8 9 |  9.7
Armour         | 3 4 5 6 8 9 10 11 12 | 12.0
Dodging        | 3 4 5 6 8 10 | 10.8
Long Blades    | 1 3 5 8 11 12 13 14 16 17 | 17.5
Stealth        | 1 2 3 4 |  4.5
Polearms       | 6 7 |  7.1
Maces & Flails | 4 8 |  8.7
Shields        | 3 5 7 |  7.2
Invocations    | 1 |  1.8
Evocations     | 1 2 |  2.0
Throwing       | |  0.1

Action                   |  1- 3 |  4- 6 |  7- 9 | 10-12 | 13-15 || total
-------------------------+-------+-------+-------+-------+-------++-------
Melee: Hand axe          |   110 |    29 |       |       |       ||   139
       Headbutt          |     8 |    16 |    56 |    77 |   190 ||   347
       Long sword        |       |    54 |   281 |   200 |   328 ||   863
       Halberd           |       |       |    11 |   102 |       ||   113
       Flail             |       |       |       |    45 |       ||    45
       Dagger            |       |       |       |     5 |       ||     5
       Great sword       |       |       |       |       |   407 ||   407
Throw: Throwing net      |       |       |       |     1 |       ||     1
Invok: Trog's Hand       |       |     1 |     4 |     7 |    11 ||    23
       Berserk           |       |       |     5 |     1 |     8 ||    14
       Brothers in Arms  |       |       |       |     1 |     3 ||     4
Evoke: Wand              |       |       |       |     3 |       ||     3
  Use: Scroll            |       |       |    11 |     6 |     8 ||    25
       Potion            |       |       |    11 |     5 |     1 ||    17
 Stab: Petrified         |       |       |       |       |     8 ||     8
       Confused          |       |       |       |       |     2 ||     2
       Petrifying        |       |       |       |       |     1 ||     1
       Sleeping          |       |       |       |       |     1 ||     1
Armor: Leather armour    |     8 |       |       |       |       ||     8
       Animal skin       |     1 |       |       |       |       ||     1
       Ring mail         |    36 |     3 |    35 |   167 |   303 ||   544
       Scale mail        |       |    30 |    78 |       |       ||   108
Dodge: Dodged            |    78 |    50 |   147 |   225 |   499 ||   999
Block: Buckler           |       |       |       |    39 |    57 ||    96

Table legend: (Time is in decaauts)
 A = Elapsed time spent in this place.
 B = Non-inter-level travel time spent in this place.
 C = Inter-level travel time spent in this place.
 D = Time resting spent in this place.
 E = Time spent auto-exploring this place.
 F = Levels seen in this place.
 G = Mean time per level.
                   A        B        C        D        E       F      G
               +--------+--------+--------+--------+--------+-----+--------+
         Total |  15624 |  14317 |   1307 |      0 |  10633 |  20 |  781.2 |
       Dungeon |   8788 |   7880 |    908 |      0 |   6066 |  11 |  798.9 |
          Lair |   5383 |   5019 |    364 |      0 |   3721 |   6 |  897.2 |
  Orcish Mines |    638 |    604 |     34 |      0 |    338 |   2 |  319.0 |
         Sewer |    814 |    814 |      0 |      0 |    507 |   1 |  814.0 |
               +--------+--------+--------+--------+--------+-----+--------+

Top non-repeatable levels by time:
  Lair:6: 1350 daAuts
     D:7: 1138 daAuts
     D:1: 1085 daAuts
     D:8: 1072 daAuts
  Lair:3: 1058 daAuts
     D:3: 917 daAuts
  Lair:5: 854 daAuts
  Lair:2: 816 daAuts
   Sewer: 814 daAuts
     D:4: 728 daAuts
     D:9: 725 daAuts
    D:10: 714 daAuts
     D:6: 703 daAuts
  Lair:4: 673 daAuts
     D:5: 636 daAuts
